[Event "Esbjerg Efterår 2024 - Esbjergmesterskabet"]
[Site "Esbjerg, Denmark"]
[Date "2024.10.20"]
[Round "7.1"]
[White "Medhus, Vitus Bondo"]
[Black "Hye, Allan"]
[Result "1-0"]
[TimeControl "1.-3. 20 min + 5 sek, 4.-7. 90 min + 30 sek + 15 min efter 40 træk"]
[WhiteElo "2246"]
[BlackElo "1988"]

1. e4 c6 2. d4 d5 3. f3 dxe4 4. fxe4 e5 5. Nf3 exd4 6. Bc4 Nf6 7. O-O Nbd7 8. c3 b5 9. Bb3 dxc3 10.
Kh1 Nc5 11. Bxf7+ Ke7 12. Qxd8+ Kxd8 13. Nxc3 b4 14. e5 bxc3 15. exf6 gxf6 16. bxc3 Ne4 17. Nd4 Bc5 18. Nxc6+ Kd7 19.
Nd4 Ba6 20. Re1 Nf2+ 21. Kg1 Nd3 22. Rd1 Raf8 23. Be6+ Ke7 24. Bf5 Nxc1 25. Raxc1 Bc4 26. Kh1 Bd5 27. Nb3 Ba3 28. Rc2 Rd8 29.
Re2+ Kf7 30. Rxd5 1-0

[Event "Esbjerg Efterår 2024 - Esbjergmesterskabet"]
[Site "Esbjerg, Denmark"]
[Date "2024.10.20"]
[Round "7.2"]
[White "Perets, Dmytro"]
[Black "Løftgaard, Mikkel Vinh"]
[Result "1-0"]
[TimeControl "1.-3. 20 min + 5 sek, 4.-7. 90 min + 30 sek + 15 min efter 40 træk"]
[WhiteElo "2152"]
[BlackElo "2209"]

1. e4 Nc6 2. d4 d5 3. e5 f6 4.
f4 Bf5 5. c3 e6 6. Be2 g5 7. Bh5+ Kd7 8. fxg5 fxe5 9. Nf3 Bd6 10. dxe5 Nxe5 11. Nxe5+ Bxe5 12. Qe2 Bd6 13. c4 Ne7 14.
Nc3 c6 15. O-O Qb6+ 16. Be3 Bc5 17. Bf2 Raf8 18. cxd5 cxd5 19. Bxc5 Qxc5+ 20. Kh1 Nc6 21. Rad1 Kc7 22. g4 Bg6 23.
Qxe6 Rxf1+ 24. Rxf1 Re8 25. Rf7+ Bxf7 26. Qxf7+ Re7 27. Nxd5+ Kd6 28. Nxe7 Qc1+ 29. Kg2 Qxb2+ 30. Qf2 Qxf2+ 31. Kxf2 Nxe7 32. Bf7 b5 33. h4 Nc6 34. Kg3 Ke7 35. Bg8 a5 36. h5 b4 37. h6 Ne5 38. Bxh7 Nf7 39. Kf4 a4 40.
Bc2 b3 41. axb3 a3 42. Bb1 Nh8 43. b4 Ng6+ 44. Kf5 Nh4+ 45. Ke4 Kf7 46. b5 Ng6 47. Ba2+ Kf8 48. b6 Ne7 49. g6 Nxg6 50.
b7 1-0

[Event "Esbjerg Efterår 2024 - Esbjergmesterskabet"]
[Site "Esbjerg, Denmark"]
[Date "2024.10.20"]
[Round "7.3"]
[White "Jacobsen, Mikkel Manosri"]
[Black "Guindy, Esmat Susanne"]
[Result "1/2-1/2"]
[TimeControl "1.-3. 20 min + 5 sek, 4.-7. 90 min + 30 sek + 15 min efter 40 træk"]
[WhiteElo "2350"]
[BlackElo "2025"]

1. c4 e6 2. g3 d5 3. Bg2 Nf6 4. Nf3 Be7 5. O-O O-O 6. b3 b6 7. d4 c6 8. Nc3 Nbd7 9. Bb2 Bb7 10.
Qd3 c5 11. cxd5 cxd4 12. Qxd4 Bc5 13. Qa4 Nxd5 14. Nxd5 exd5 15. Rfd1 Re8 16. e3 Nf6 17. Ne5 Qe7 18. Qh4 Rad8 19.
Nd3 Ne4 20. Qxe7 Bxe7 21. Nf4 Bf6 22. Bxf6 Nxf6 23. Rac1 Rd7 24. Bh3 Rde7 25. Ne2 g5 26. Bf5 g4 27. Rd4 h5 28. h3 gxh3 29.
Bxh3 Kf8 30. Ra4 a6 31. Rb4 b5 32. Rf4 Ne4 33. Nd4 Ng5 34. Bf5 Kg7 35. Kg2 Ne6 36. Rh4 Rh8 37. Bd3 Nxd4 38.
Rxd4 Rh6 39. Kf3 Rc6 40. Rh1 Re5 41. Ke2 Bc8 42. Kd2 Bg4 43. Rc1 Rxc1 44. Kxc1 Bf3 45. Kd2 Be4 46. Kc3 Re6 47.
Kb4 Rf6 48. a4 bxa4 49. bxa4 Bxd3 50. Rxd3 Rxf2 51. Rxd5 Rf3 52. Rxh5 Rxg3 53. Re5 Rg6 54. Ka5 Rc6 55. e4 f6 56.
Re7+ Kg6 57. Kb4 Kg5 58. a5 Kf4 59. Re8 Ke3 60. e5 fxe5 1/2-1/2

[Event "Esbjerg Efterår 2024 - Esbjergmesterskabet"]
[Site "Esbjerg, Denmark"]
[Date "2024.10.20"]
[Round "7.4"]
[White "Paludan, Noah"]
[Black "Rossen, Claus"]
[Result "1/2-1/2"]
[TimeControl "1.-3. 20 min + 5 sek, 4.-7. 90 min + 30 sek + 15 min efter 40 træk"]
[WhiteElo "1979"]
[BlackElo "2072"]

1. e4 g6 2. d4 Bg7 3. Nc3 d6 4. Nf3 Nf6 5. Bg5 Nc6 6. Qd2 Bg4 7. Be2 h6 8. Be3 Bxf3 9. Bxf3 e5 10.
Ne2 exd4 11. Nxd4 Nxd4 12. Bxd4 O-O 13. O-O-O Re8 14. Rhe1 Rb8 15. e5 1/2-1/2

[Event "Esbjerg Efterår 2024 - Esbjergmesterskabet"]
[Site "Esbjerg, Denmark"]
[Date "2024.10.20"]
[Round "7.5"]
[White "Hansen, Lars"]
[Black "Jensen, Henrik Tranberg"]
[Result "1-0"]
[TimeControl "1.-3. 20 min + 5 sek, 4.-7. 90 min + 30 sek + 15 min efter 40 træk"]
[WhiteElo "2203"]
[BlackElo "2014"]

1. Nf3 g6 2. d4 Nf6 3. c3 Bg7 4. Bg5 d5 5. e3 O-O 6. Nbd2 c6 7. Bd3 Nbd7 8. O-O Re8 9. Re1 e5 10.
e4 Qb6 11. h3 Nxe4 12. Bxe4 dxe4 13. Nxe4 h6 14. Bh4 exd4 15. Nd6 Rxe1+ 16. Qxe1 Qc7 17. Qe7 1-0

[Event "Esbjerg Efterår 2024 - Esbjergmesterskabet"]
[Site "Esbjerg, Denmark"]
[Date "2024.10.20"]
[Round "7.6"]
[White "Saravana, Vedant Kumar"]
[Black "Desevac, Damir"]
[Result "1-0"]
[TimeControl "1.-3. 20 min + 5 sek, 4.-7. 90 min + 30 sek + 15 min efter 40 træk"]
[WhiteElo "2115"]
[BlackElo "1836"]

1. e4 e5 2. Nf3 Nc6 3. Bc4 Be7 4. c3 Nf6 5. d3 O-O 6. O-O d6 7. Re1 h6 8. Nbd2 Be6 9. Bb3 Bxb3 10.
axb3 a5 11. Nc4 b6 12. Bd2 Nd7 13. Ne3 Nc5 14. Bc1 Kh7 15. d4 exd4 16. cxd4 Nxe4 17. Qc2 1-0

[Event "Esbjerg Efterår 2024 - Esbjergmesterskabet"]
[Site "Esbjerg, Denmark"]
[Date "2024.10.20"]
[Round "7.7"]
[White "Justesen, Asger"]
[Black "Iversen, Tobias"]
[Result "1-0"]
[TimeControl "1.-3. 20 min + 5 sek, 4.-7. 90 min + 30 sek + 15 min efter 40 træk"]
[WhiteElo "2086"]
[BlackElo "1936"]

1. d4 d5 2. c4 e6 3. Nf3 c6 4.
e3 f5 5.
Bd3 Nf6 6. O-O Nbd7 7. cxd5 cxd5 8. b3 Bd6 9. Ba3 Qe7 10. Bxd6 Qxd6 11. Nc3 a6 12. Rc1 O-O 13. Ne2 Ne4 14.
Qc2 Qe7 15. Qc7 Qf6 16. Rc2 Rf7 17. Qa5 Nd6 18. Rfc1 g5 19. Qa3 e5 20. dxe5 Nxe5 21. Nxe5 Qxe5 22. Nd4 g4 23. Ne2 Bd7 24.
Qa5 Rff8 25. Nf4 Bc6 26. Qc3 Qxc3 27. Rxc3 Kf7 28. Ne2 Rfc8 29. Nd4 Bd7 30. Rc7 Ke8 31. R7c5 b6 32. R5c2 b5 33.
Rc5 Rxc5 34. Rxc5 Rc8 35. Rxc8+ Bxc8 36. Kf1 Ke7 37. Ke2 Kf6 38. Kd2 Bd7 39. b4 Nc4+ 40. Kc3 Ke5 41. Nb3 Nb6 42.
Nc5 Bc8 43. Be2 Kd6 44. Kd4 Nd7 45. Nd3 Nf8 46. Kc3 Nd7 47. Bd1 Ne5 48. Nf4 Ng6 49. Nd3 Ne5 50. Nc1 Nd7 51. Bc2 Ne5 52.
Nb3 Nc6 53. Bd3 Ke7 54. Nc1 Kd6 55. Ne2 Ke5 56. f4+ Kd6 57. Ng3 Ne7 58. a3 Ke6 59. Kd4 Kd6 60. Nh5 Nc6+ 61. Kc3 Ke7 62.
Ng7 Kf6 63. Ne8+ Ke7 64. Ng7 Kf6 65. Nh5+ Ke7 66. Ng3 Kf6 67. Bc2 Kg6 68. Ne2 Kf6 69. Nd4 Ne7 70. Nb3 Nc6 71. Nd4 Ne7 72.
a4 bxa4 73. Bxa4 Bb7 74. Bd7 Bc8 75. Be8 Bb7 76. Nb3 Bc8 77. Kd4 Ke6 78. Kc5 h6 79. Nd4+ Kf6 80. Kb6 Ng8 81. Bc6 Ne7 82. Bb7 1-0

[Event "Esbjerg Efterår 2024 - Esbjergmesterskabet"]
[Site "Esbjerg, Denmark"]
[Date "2024.10.20"]
[Round "7.8"]
[White "Husum, Lars"]
[Black "Vinther, Christoffer"]
[Result "1-0"]
[TimeControl "1.-3. 20 min + 5 sek, 4.-7. 90 min + 30 sek + 15 min efter 40 træk"]
[WhiteElo "2001"]
[BlackElo "1800"]

1. e4 c5 2. Nc3 d6 3. f4 g6 4. Nf3 Bg7 5. Bc4 e6 6. O-O Ne7 7. d3 O-O 8. a3 Nbc6 9. Qe1 a6 10.
Qh4 Nd4 11. Nxd4 Bxd4+ 12. Kh1 d5 13. Ba2 dxe4 14. Nxe4 Nf5 15. Qh3 e5 16. g4 Qh4 17. Qxh4 Nxh4 18. c3 Bxg4 19. Nf6+ 1-0